 Dungeon Crawl Stone Soup version 0.21.1-1-g345015f (webtiles) character file.

4668 letownia2 the Frost Mage (level 10, -1/53 HPs)
             Began as a Vine Stalker Ice Elementalist on Feb 24, 2018.
             Was a Priest of Sif Muna.
             Slain by Erolcha
             ... wielding a +6 giant club
              (8 damage)
             ... on level 9 of the Dungeon.
             The game lasted 00:24:30 (2468 turns).

letownia2 the Frost Mage (VSIE)                     Turns: 2468, Time: 00:24:31

Health: -1/53      AC:  6    Str: 11    XL:     10   Next: 44%
Magic:  0/22       EV: 12    Int: 18    God:    Sif Muna [***...]
Gold:   162        SH:  0    Dex: 15    Spells: 8/23 levels left

rFire    . . .     SeeInvis .   d - +0 dagger
rCold    . . .     Gourm    .   (no shield)
rNeg     . . .     Faith    .   n - +0 leather armour
rPois    .         Spirit   +   (no helmet)
rElec    .         Reflect  .   y - +1 cloak
rCorr    +         Harm     .   (no gloves)
MR       +....                  p - +0 pair of boots
Stlth    ++........             D - amulet of rage
HPRegen  0.57/turn              w - ring of resist corrosion
MPRegen  0.18/turn              (no ring)

@: very slightly contaminated, no casting
A: fangs 3, regeneration 1, magic shield, antimagic bite, no potion heal 3, rot
immunity
a: Stop Divine Energy, Channel Magic, Renounce Religion, Evoke Berserk Rage


You were on level 9 of the Dungeon.
You worshipped Sif Muna.
Sif Muna was most pleased with you.
You were very full.

You visited 1 branch of the dungeon, and saw 10 of its levels.

You collected 246 gold pieces.
You spent 84 gold pieces at shops.

Inventory:

Hand Weapons
 d - a +0 dagger (weapon)
 l - a +0 rapier
 u - a +1 vampiric dagger
Missiles
 e - 15 bolts
 f - 15 poisoned needles
 h - 5 tomahawks (quivered)
 B - 5 curare-tipped needles
Armour
 i - a +0 buckler
 n - a +0 leather armour (worn)
 p - a +0 pair of boots (worn)
 y - a +1 cloak (worn)
Jewellery
 s - an uncursed amulet of harm
 v - an uncursed amulet of the gourmand
 w - a ring of resist corrosion (left hand)
 D - an amulet of rage (around neck)
Wands
 m - a wand of flame (11)
 x - a wand of iceblast (15)
Scrolls
 a - 2 scrolls of random uselessness {unknown}
 j - a scroll of fog {unknown}
 k - a scroll of enchant weapon {unknown}
 A - a scroll of teleportation {unknown}
 C - a scroll of magic mapping {unknown}
Potions
 g - a potion of invisibility
 o - a potion of brilliance {unknown}
 q - a potion of flight
 r - a potion of cancellation {unknown}
 t - 2 potions of lignification
 z - a potion of agility
 F - a potion of mutation {unknown}
Books
 b - a book of Frost

   Spells                             Type                      Level
   a - Freeze                         Ice                          1
   b - Throw Frost                    Conjuration/Ice              2
   c - Ozocubu's Armour               Charms/Ice                   3
   d - Throw Icicle                   Conjuration/Ice              4
   e - Summon Ice Beast               Ice/Summoning                4
 E - a book of Cantrips

   Spells                             Type                      Level
   a - Confusing Touch                Hexes                        1
   b - Animate Skeleton               Necromancy                   1
   c - Summon Small Mammal            Summoning                    1
   d - Apportation                    Translocation                1
Comestibles
 c - 5 rations


   Skills:
 - Level 6.5 Fighting
 - Level 0.9 Armour
 - Level 2.0 Dodging
 - Level 2.4 Stealth
 + Level 7.4 Spellcasting
 - Level 5.1 Conjurations
 - Level 2.3 Charms
 - Level 2.6 Summonings
 - Level 9.2 Ice Magic


You had 8 spell levels left.
You knew the following spells:

 Your Spells              Type           Power        Failure   Level  Hunger
a - Freeze                Ice            ####         1%          1    None
d - Throw Icicle          Conj/Ice       ####....     7%          4    ###....
f - Throw Frost           Conj/Ice       ####..       1%          2    None
i - Summon Ice Beast      Ice/Summ       ####....     12%         4    ###....
k - Animate Skeleton      Necr           N/A          14%         1    None
o - Ozocubu's Armour      Chrm/Ice       ####....     3%          3    #......


Dungeon Overview and Level Annotations

Branches:
Dungeon (10/15)
 Temple: D:4-7         Lair: D:8-11         Orc: D:9-12

Altars:
Gozag
Okawaru
Sif Muna
The Shining One

Shops:
D:4 !   D:6 [*

Annotations:
D:9 Erolcha
D:10 Erica


Innate Abilities, Weirdness & Mutations

You have razor-sharp teeth.
Your natural rate of healing is unusually fast.
When hurt, damage is shared between your health and your magic reserves.
Your bite disrupts and absorbs the magic of your enemies.
Potions cannot restore your health.
You are immune to rotting.


Message History

Aiming: Freeze
Press: ? - help, Shift-Dir - straight line You freeze something.
Unknown command.
Unknown command.
Casting: Freeze
Confirm with . or Enter, or press ? or * to list all spells.
Aiming: Freeze
Press: ? - help, Shift-Dir - straight line, f - you
Okay, then.
Casting: Freeze
Confirm with . or Enter, or press ? or * to list all spells.
You can't see any susceptible monsters within range! (Use Z to cast anyway.)
Casting: Freeze
Confirm with . or Enter, or press ? or * to list all spells.
Aiming: Throw Icicle
Press: ? - help, Shift-Dir - straight line Sif Muna grants you divine energy.
You briefly lose access to your magic!
Something hits you!
You die...

.#####...........# #.#########.
>................# ##......o....
#####...##.......# #.....#######
#...####...#.# ##.###..... #...#
##...#.###...##########
#...###........O.#....o.o.o.o
#####.......####.###...##..######
#......?##### #{###...##..#### #
#.###...########@##..#..#..... #
#.# #............##.###.#...## ##
#.###....<......)....#..#...# ...
#.##...#############...##...##.##
#.##...### #...........##
#........# #..#..........
#........# #...........P.
#........###########.####....(..P
..##...#.............# #........


There were no monsters in sight!

Vanquished Creatures
  2 two-headed ogres
  Maurice (D:8)
  A troll (D:9)
  Prince Ribbit (D:6)
  A hornet (D:10)
  A hippogriff (D:9)
  A wyvern (D:9)
  3 black bears
  A porcupine (D:9)
  2 orc warriors (D:9)
  3 ogres
  2 centaurs (D:9)
  3 bullfrogs (D:9)
  2 scorpions
  3 killer bees (D:9)
  A crimson imp (D:9)
  4 howler monkeys
  An orc priest (D:9)
  4 hounds
  A centaur skeleton (D:10)
  2 jellies
  A gnoll shaman (D:4)
  An orc wizard (D:4)
  Jessica (D:3)
  An iguana (D:9)
  4 worker ants
  6 gnolls
  7 adders
  A shadow imp (D:4)
  4 leopard geckos
  6 orcs
  A ball python (D:8)
  2 bats (D:3)
  A giant cockroach (D:3)
  A goblin (D:3)
  2 hobgoblins
  2 jackals (D:3)
  3 quokkas
  3 frilled lizards (D:3)
  A jackal skeleton (D:4)
  3 kobolds
91 creatures vanquished.

Vanquished Creatures (others)
  12 fungi (D:9)
  7 plants (D:9)
19 creatures vanquished.

Grand Total: 110 creatures vanquished

Notes
Turn   | Place    | Note
-------+----------+-------------------------------------------
     0 | D:1      | letownia2 the Vine Stalker Ice Elementalist began the quest for the Orb.
     0 | D:1      | Reached XP level 1. HP: 9/9 MP: 4/4
    75 | D:2      | Found a glowing golden altar of the Shining One.
   183 | D:3      | Reached XP level 2. HP: 12/13 MP: 0/6
   255 | D:3      | Reached skill level 4 in Ice Magic
   256 | D:3      | Reached XP level 3. HP: 10/16 MP: 1/7
   261 | D:3      | Learned a level 3 spell: Ozocubu's Armour
   326 | D:4      | Noticed a scorpion
   358 | D:4      | Killed a scorpion
   358 | D:4      | Reached skill level 1 in Charms
   358 | D:4      | Gained mutation: Your natural rate of healing is unusually fast. [Vine Stalker growth]
   358 | D:4      | Reached XP level 4. HP: 9/21 MP: 4/8
   399 | D:4      | Learned a level 2 spell: Throw Frost
   406 | D:4      | Reached XP level 5. HP: 19/24 MP: 3/9
   412 | D:4      | Found Evaatunaff's Distillery.
   415 | D:4      | Bought a potion of degeneration for 14 gold pieces
   421 | D:4      | Noticed an ogre
   510 | D:3      | Noticed an ogre
   536 | D:3      | Reached skill level 5 in Ice Magic
   559 | D:3      | Noticed Jessica
   564 | D:3      | Killed Jessica
   755 | D:3      | Found an opulent altar of Gozag.
   779 | D:4      | Found a transporter.
   782 | D:4      | Noticed a black bear
   782 | D:4      | Noticed a two-headed ogre
   786 | D:4      | Found a transporter.
   794 | D:4      | Found a deep blue altar of Sif Muna.
   829 | D:4      | Reached XP level 6. HP: 18/29 MP: 1/10
   913 | D:4      | Reached skill level 1 in Fighting
   981 | D:4      | Killed a black bear
   988 | D:4      | Killed a two-headed ogre
   988 | D:4      | Reached XP level 7. HP: 18/41 MP: 1/11
   988 | D:4      | Gained mutation: You have razor-sharp teeth. [Vine Stalker growth]
   988 | D:4      | Reached XP level 8. HP: 19/45 MP: 1/12
  1032 | D:4      | Became a worshipper of Sif Muna the Loreminder
  1045 | D:4      | Learned a level 4 spell: Summon Ice Beast
  1070 | D:5      | Entered Level 5 of the Dungeon
  1097 | D:5      | Found an iron altar of Okawaru.
  1150 | D:6      | Found Buler's Antique Armour Boutique.
  1150 | D:6      | Noticed Prince Ribbit
  1171 | D:6      | Reached skill level 1 in Summonings
  1187 | D:6      | Killed Prince Ribbit
  1244 | D:6      | Found Bemn's Assorted Antiques.
  1248 | D:6      | Reached skill level 6 in Ice Magic
  1253 | D:6      | Bought a scroll labeled WORURYRPH ROYS for 35 gold pieces
  1253 | D:6      | Bought a scroll labeled JYADYN WOGU for 35 gold pieces
  1372 | D:8      | Noticed Maurice
  1380 | D:8      | Killed Maurice
  1380 | D:8      | Reached * piety under Sif Muna
  1380 | D:8      | Reached skill level 7 in Ice Magic
  1380 | D:8      | Reached XP level 9. HP: 37/49 MP: 6/13
  1467 | D:8      | Noticed a two-headed ogre
  1493 | D:8      | Killed a two-headed ogre
  1493 | D:8      | Reached skill level 9 in Ice Magic
  1496 | D:8      | Learned a level 1 spell: Animate Skeleton
  1516 | D:8      | Reached ** piety under Sif Muna
  1797 | D:9      | Learned a level 4 spell: Throw Icicle
  1810 | D:9      | Reached skill level 5 in Spellcasting
  1834 | D:9      | Reached XP level 10. HP: 19/53 MP: 1/19
  2009 | D:9      | Reached *** piety under Sif Muna
  2009 | D:9      | Reached skill level 5 in Conjurations
  2209 | D:10     | Entered Level 10 of the Dungeon
  2262 | D:10     | Noticed Erica
  2457 | D:9      | Noticed Erolcha
  2468 | D:9      | Slain by Erolcha

Skill      XL: |  1  2  3  4  5  6  7  8  9 10 |
---------------+-------------------------------+-----
Ice Magic      | 4 5 7 9 |  9.2
Charms         | 1 2 |  2.3
Dodging        | 2 |  2.0
Fighting       | 6 |  6.5
Summonings     | 2 |  2.6
Conjurations   | 2 3 5 |  5.1
Spellcasting   | 5 7 |  7.4
Armour         | |  0.9
Stealth        | |  2.4

Action                   |  1- 3 |  4- 6 |  7- 9 | 10-12 || total
-------------------------+-------+-------+-------+-------++-------
Melee: Dagger            |     8 |    32 |    37 |    19 ||    96
       Bite              |     1 |     8 |     8 |     7 ||    24
Throw: Tomahawk          |     6 |       |     1 |       ||     7
 Cast: Freeze            |    13 |    47 |    73 |    43 ||   176
       Ozocubu's Armour  |       |     1 |     2 |     2 ||     5
       Throw Frost       |       |       |     3 |     1 ||     4
       Throw Icicle      |       |       |       |     8 ||     8
Invok: Divine Energy     |       |       |       |     1 ||     1
Evoke: Wand              |       |     1 |    14 |    11 ||    26
  Use: Scroll            |       |       |     4 |       ||     4
       Potion            |       |       |     1 |       ||     1
 Stab: Sleeping          |     2 |     4 |     1 |       ||     7
       Confused          |       |       |     1 |       ||     1
  Eat: Chunk             |       |     1 |    13 |     3 ||    17
Armor: Robe              |     2 |     2 |       |       ||     4
       Leather armour    |       |     9 |    21 |    20 ||    50
       Skin              |       |       |    23 |       ||    23
Dodge: Dodged            |    14 |    31 |    57 |    59 ||   161
